 Dungeon Crawl Stone Soup version 0.15.1-1-gfacfea3 (webtiles) character file.

8974 Chiseanne the Thaumaturge (level 11, 0/54 HPs)
             Began as a Gargoyle Ice Elementalist on Sept 30, 2014.
             Was a High Priest of Vehumet.
             Slain by Thrillho's ghost (7 damage)
             ... in a bailey.
             The game lasted 01:06:10 (14969 turns).

Chiseanne the Thaumaturge (GrIE)                   Turns: 14969, Time: 01:06:10

HP   0/54        AC 21     Str 13      XL: 11   Next: 39%
MP   2/32        EV 16     Int 18      God: Vehumet [*****.]
Gold 522         SH  0     Dex 15      Spells:  7 memorised, 14 levels left

rFire  . . .     SeeInvis .     a - +3 cutlass (protect)
rCold  . . .     Clarity  +     P - +1 troll leather armour
rNeg   + . .     rCorr    .     (no shield)
rPois  +         rRot     +     y - +0 helmet
rElec  +         Spirit   .     z - +0 cloak
SustAb .         Warding  .     d - +1 pair of gloves
rMut   .         Stasis   .     (no boots)
Gourm  .                        M - amulet of clarity
MR     .....                    (no ring)
                                (no ring)

@: agile, exhausted, slowed, very slow, not resistant to hostile enchantments,
fairly stealthy
A: negative energy resistance 1, electricity resistance, unbreathing,
petrification resistance, rot immunity, AC +7
a: Renounce Religion


You were in a bailey.
You worshipped Vehumet.
Vehumet was extremely pleased with you.
You were very hungry.

You visited 2 branches of the dungeon, and saw 11 of its levels.
You also visited: Ossuary and Bailey.

You collected 522 gold pieces.

Inventory:

Hand weapons
 a - a +3 cutlass of protection (weapon)
 f - a +2 flail of holy wrath
 i - a +0 blowgun
Missiles
 e - 19 tomahawks of returning (quivered)
 g - 3 javelins
 K - a throwing net
Armour
 d - a +1 pair of gloves (worn)
 w - a +2 robe of positive energy
 x - a +1 ring mail of fire resistance
 y - a +0 helmet (worn)
 z - a +0 cloak (worn)
 N - a +0 leather armour of fire resistance
 P - a +1 troll leather armour (worn)
Magical devices
 o - a wand of lightning (0)
 q - a wand of digging (24)
 t - a wand of draining (0)
 B - a wand of random effects (1)
Comestibles
 c - 6 bread rations
 l - 4 meat rations
 F - a fruit
 I - a slice of pizza
Scrolls
 j - a scroll of immolation
 p - 2 scrolls of amnesia
 r - 2 scrolls of blinking
 C - 4 scrolls of teleportation
 D - a scroll of magic mapping
Jewellery
 M - an amulet of clarity (around neck)
Potions
 k - a potion of lignification
 m - 2 potions of heal wounds
 n - 2 potions of flight
 s - a potion of cancellation
 u - 2 potions of mutation
 v - a potion of agility
 A - 2 potions of curing
 H - a potion of berserk rage
Books
 b - a book of Frost

   Spells                             Type                      Level
   Freeze                             Ice                          1
   *Throw Frost                       Conjuration/Ice              2
   *Ozocubu's Armour                  Charms/Ice                   3
   *Throw Icicle                      Conjuration/Ice              4
   Summon Ice Beast                   Ice/Summoning                4
   *Condensation Shield               Ice                          4
 h - a book of Alchemy

   Spells                             Type                      Level
   Sublimation of Blood               Necromancy                   2
   Alistair's Intoxication            Transmutation/Poison         4
   *Condensation Shield               Ice                          4
   Petrify                            Transmutation/Earth          4
   Ignite Poison                      Fire/Transmutation           5
 E - a book of Unlife

   Spells                             Type                      Level
   Recall                             Summoning/Translocation      3
   Animate Dead                       Necromancy                   4
   Control Undead                     Necromancy                   4
   Twisted Resurrection               Necromancy                   5
   Death Channel                      Necromancy                   6
   Simulacrum                         Ice/Necromancy               6


   Skills:
 - Level 1.5 Dodging
 - Level 2.1 Stealth
 * Level 13.4 Spellcasting
 - Level 9.0 Conjurations
 * Level 4.8 Ice Magic


You had 14 spell levels left.
You knew the following spells:

 Your Spells              Type           Power        Failure   Level  Hunger
a - Shock                 Conj/Air       ####         1%          1    None
b - Throw Icicle          Conj/Ice       #####...     1%          4    #......
c - Venom Bolt            Conj/Pois      ####......   8%          5    ###....
d - Ozocubu's Armour      Chrm/Ice       ###.....     10%         3    None
e - Condensation Shield   Ice            ####......   10%         4    #......
f - Mephitic Cloud        Conj/Pois/Air  ###.....     1%          3    None
g - Throw Frost           Conj/Ice       #####.       1%          2    None


Dungeon Overview and Level Annotations

Branches:
Dungeon (10/15)            Temple (1/1) D:5            Lair (0/8) D:8
    Orc: D:9-12

Altars:
Ashenzari
Cheibriados
Dithmenos
Elyvilon
Fedhas
Kikubaaqudgha
Makhleb
Nemelex Xobeh
Okawaru
Qazlal
Sif Muna
Trog
Vehumet
Xom
Yredelemnul
Zin
The Shining One

Annotations:
Bailey Thrillho's ghost, experienced MiFi


Innate Abilities, Weirdness & Mutations

You are resistant to torment.
You are immune to poison.
Your stone body is very resilient (AC +7).
You resist negative energy.
You are resistant to electric shocks.
You can survive without breathing.
You are immune to petrification.
You are immune to rotting.


Message History

Thrillho's ghost hits you.
* * * LOW HITPOINT WARNING * * *
Thrillho's ghost closely misses you.
Casting: Throw Icicle
Confirm with . or Enter, or press ? or * to list all spells.
Aiming: Shock
Press: ? - help, Shift-Dir - straight line, f/p - Thrillho's ghost
Aim: Thrillho's ghost (almost destroyed)
The zap hits Thrillho's ghost.
Thrillho's ghost appears unharmed.
Thrillho's ghost is almost destroyed.
Thrillho's ghost hits you but does no damage.
Casting: Shock
Confirm with . or Enter, or press ? or * to list all spells.
Aiming: Shock
Press: ? - help, Shift-Dir - straight line, f/p - Thrillho's ghost
Aim: Thrillho's ghost (almost destroyed)
The zap hits Thrillho's ghost.
Thrillho's ghost completely resists.
Thrillho's ghost is almost destroyed.
Thrillho's ghost closely misses you. Thrillho's ghost hits you!
You die...

### #^# #####
#.∩^# #^.^#
#.∩^#
######@######
#.(.(≈W≈(..^#
#(###≈)≈###'#
#...%≈%≈(...#
#'###≈.≈###'#
#....≈%≈(...#
#'###≈.≈###'#
#...(≈.≈....#
#'###≈.≈###'#


You could see Thrillho's ghost.

Vanquished Creatures
  2 orc knights (Bailey)
  A manticore (D:9)
  A merfolk (D:9)
  2 trolls (D:9)
  A deep elf mage (D:9)
  7 yaks
  A hungry ghost (D:9)
  2 hippogriffs
  Edmund (D:7)
  A porcupine (D:8)
  2 sky beasts
  An ice beast (D:5)
  2 black bears
  3 phantoms
  A necrophage (D:5)
  5 ogres
  5 orc warriors
  4 centaurs
  Sigmund (D:4)
  Duvessa (D:4)
  A big kobold (D:7)
  2 gnoll sergeants
  Blork the orc (D:4)
  5 giant frogs
  A cyclops skeleton (D:9)
  3 scorpions
  A cyclops zombie (D:8)
  A water moccasin skeleton (D:9)
  6 wights
  4 electric eels (D:6)
  2 goliath beetles
  Dowan (D:4)
  5 crimson imps
  A gnoll shaman (D:5)
  3 giant frog zombies
  2 orc priests (D:8)
  3 hounds
  A quasit (D:6)
  An orange rat (D:8)
  A centaur skeleton (D:4)
  2 giant frog skeletons
  3 iguanas
  10 orc wizards
  12 worker ants
  A sky beast zombie (D:9)
  2 killer bee zombies
  An ogre skeleton (D:6)
  3 mummies (Ossuary)
  20 gnolls
  6 adders
  A giant mite (D:9)
  2 shadow imps
  A green rat (D:8)
  A worm (D:3)
  An inept item mimic (Ossuary)
  7 adder zombies (Ossuary)
  2 orc skeletons
  An iguana skeleton (D:4)
  7 giant geckos
  35 orcs
  13 bats
  7 giant cockroaches
  5 gnoll zombies
  11 goblins
  15 hobgoblins
  7 jackals
  28 kobolds
  An ooze (D:3)
  5 quokkas
  7 giant newts
  A giant spore (D:7)
  4 hobgoblin zombies
  A kobold skeleton (D:8)
  2 kobold zombies (Ossuary)
  An orc zombie (D:8)
  2 quokka zombies (Ossuary)
  21 rats
  A rat skeleton (D:5)
  3 rat zombies
  6 ballistomycetes
  4 plants (D:6)
352 creatures vanquished.

Vanquished Creatures (others)
  An adder (D:6)
  A kobold (D:2)
  3 giant spores
5 creatures vanquished.

Grand Total: 357 creatures vanquished

Notes
Turn   | Place    | Note
--------------------------------------------------------------
     0 | D:1      | Chiseanne, the Gargoyle Ice Elementalist, began the quest for the Orb.
     0 | D:1      | Reached XP level 1. HP: 10/10 MP: 3/3
   352 | D:1      | Reached XP level 2. HP: 12/15 MP: 4/4
   357 | D:1      | Learned a level 2 spell: Throw Frost
  1369 | D:2      | Reached XP level 3. HP: 19/19 MP: 3/6
  2197 | D:3      | Reached XP level 4. HP: 24/24 MP: 6/9
  2202 | D:3      | Learned a level 3 spell: Ozocubu's Armour
  2700 | D:3      | Reached skill level 4 in Spellcasting
  2700 | D:3      | Reached XP level 5. HP: 14/28 MP: 0/13
  3291 | D:4      | Noticed Sigmund
  3302 | D:4      | Killed Sigmund
  3302 | D:4      | Reached skill level 5 in Spellcasting
  3302 | D:4      | Reached XP level 6. HP: 32/32 MP: 3/17
  3474 | D:4      | Noticed Blork the orc
  3491 | D:4      | Killed Blork the orc
  3795 | D:4      | Noticed Duvessa
  3795 | D:4      | Noticed Dowan
  3801 | D:4      | Killed Duvessa
  3801 | D:4      | Reached skill level 6 in Spellcasting
  3801 | D:4      | Reached XP level 7. HP: 33/36 MP: 15/20
  3802 | D:4      | Killed Dowan
  4014 | D:5      | Entered Level 5 of the Dungeon
  4048 | D:5      | Found a deep blue altar of Sif Muna.
  4076 | D:5      | Reached skill level 7 in Spellcasting
  4467 | D:5      | Reached XP level 8. HP: 38/41 MP: 16/23
  4516 | D:5      | Learned a level 4 spell: Throw Icicle
  4628 | D:5      | Found a staircase to the Ecumenical Temple.
  4648 | Temple   | Entered the Ecumenical Temple
  4749 | Temple   | Became a worshipper of Vehumet
  4843 | D:5      | Reached skill level 8 in Spellcasting
  5416 | D:5      | Acquired Vehumet's first power
  5416 | D:5      | Offered knowledge of Shock by Vehumet.
  5445 | D:5      | Learned a level 1 spell: Shock
  5826 | D:6      | Reached skill level 9 in Spellcasting
  6220 | D:6      | Found a deep blue altar of Sif Muna.
  6668 | D:6      | Reached XP level 9. HP: 39/45 MP: 17/27
  6708 | D:6      | Learned a level 4 spell: Condensation Shield
  6923 | D:6      | Reached skill level 5 in Conjurations
  8043 | D:6      | Reached skill level 10 in Spellcasting
  8429 | D:7      | Noticed Edmund
  8455 | D:7      | Killed Edmund
  8507 | D:7      | Offered knowledge of Flame Tongue by Vehumet.
  8586 | D:7      | Found a sand-covered staircase.
  8595 | Ossuary  | Entered an ossuary
  9048 | D:7      | Offered knowledge of Mephitic Cloud by Vehumet.
  9055 | D:7      | Learned a level 3 spell: Mephitic Cloud
  9909 | D:7      | Acquired Vehumet's second power
 10398 | D:7      | Reached skill level 11 in Spellcasting
 10418 | D:7      | Reached XP level 10. HP: 50/50 MP: 21/29
 10750 | D:8      | Offered knowledge of Sticky Flame by Vehumet.
 10986 | D:8      | Found a staircase to the Lair.
 11756 | D:8      | Acquired Vehumet's third power
 12192 | D:9      | Noticed a manticore
 12268 | D:8      | Offered knowledge of Venom Bolt by Vehumet.
 12487 | D:9      | Killed a manticore
 12723 | D:9      | Reached skill level 12 in Spellcasting
 12752 | D:9      | Learned a level 5 spell: Venom Bolt
 13294 | D:9      | Reached XP level 11. HP: 52/54 MP: 17/31
 13672 | D:9      | Reached skill level 13 in Spellcasting
 13943 | D:9      | Offered knowledge of Ozocubu's Refrigeration by Vehumet.
 14091 | D:10     | Entered Level 10 of the Dungeon
 14458 | D:10     | Found a flagged portal.
 14486 | Bailey   | Entered a bailey
 14888 | Bailey   | Noticed an orc knight
 14888 | Bailey   | Noticed an orc knight
 14906 | Bailey   | Killed an orc knight
 14921 | Bailey   | Noticed Thrillho's ghost (experienced MiFi)
 14929 | Bailey   | Killed an orc knight
 14969 | Bailey   | Slain by Thrillho's ghost

Action                   |  1- 3 |  4- 6 |  7- 9 | 10-12 || total
-------------------------+-------+-------+-------+-------++-------
Melee: Short sword       |    34 |       |       |       ||    34
       Quarterstaff      |    11 |       |       |       ||    11
       Cutlass           |       |    73 |   385 |    90 ||   548
Throw: Tomahawk          |     4 |       |     4 |       ||     8
       Javelin           |       |       |       |     1 ||     1
 Cast: Freeze            |    44 |    49 |    42 |       ||   135
       Ozocubu's Armour  |       |     7 |    31 |    18 ||    56
       Throw Frost       |       |     5 |    10 |       ||    15
       Shock             |       |       |   390 |   300 ||   690
       Throw Icicle      |       |       |    41 |    95 ||   136
       Condensation Shie |       |       |     2 |     1 ||     3
       Venom Bolt        |       |       |       |     8 ||     8
Evoke: Wand              |       |     2 |     6 |    13 ||    21
  Use: Scroll            |    13 |     3 |     9 |     9 ||    34
       Potion            |       |     1 |     1 |     3 ||     5
 Stab: Sleeping          |     2 |     2 |     1 |       ||     5
       Invisible         |       |     3 |       |       ||     3
  Eat: Chunk             |     4 |     4 |    11 |    17 ||    36
       Fruit             |       |     7 |       |     1 ||     8
       Pizza             |       |       |     1 |       ||     1
       Beef jerky        |       |       |     2 |     1 ||     3
       Bread ration      |       |       |     1 |       ||     1
       Royal jelly       |       |       |     1 |       ||     1
